 Dungeon Crawl Stone Soup version 0.21.1-1-g345015f (webtiles) character file.

22 Iko the Caller (level 2, -3/24 HPs)
             Began as a Troll Summoner on May 8, 2018.
             Slain by Robin
             ... wielding a +0 spear
              (4 damage)
             ... on level 2 of the Dungeon.
             The game lasted 00:03:22 (251 turns).

Iko the Caller (Troll Summoner)                      Turns: 251, Time: 00:03:22

Health: -3/24      AC:  5    Str: 15    XL:     2   Next: 68%
Magic:  1/3        EV: 10    Int: 11    God:
Gold:   60         SH:  0    Dex: 10    Spells: 1/3 levels left

rFire    . . .     SeeInvis .   e - +0 rapier
rCold    . . .     Gourm    +   (no shield)
rNeg     . . .     Faith    .   a - +0 robe
rPois    .         Spirit   .   (helmet restricted)
rElec    .         Reflect  .   (no cloak)
rCorr    .         Harm     .   (gloves unavailable)
MR       .....                  (boots unavailable)
Stlth    +.........             (no amulet)
HPRegen  0.48/turn              (no ring)
MPRegen  0.08/turn              (no ring)

@: no status effects
A: large, unfitting armour, claws 3, fast metabolism 3, gourmand, regeneration
1, shaggy fur 1, tough skin 2
a: no special abilities


You were on level 2 of the Dungeon.
You were not hungry.

You visited 1 branch of the dungeon, and saw 2 of its levels.

You collected 60 gold pieces.

Inventory:

Hand Weapons
 e - a +0 rapier (weapon)
Armour
 a - a +0 robe (worn)
Books
 b - a book of Callings

   Spells                             Type                      Level
   a - Summon Small Mammal            Summoning                    1
   b - Call Imp                       Summoning                    2
   c - Call Canine Familiar           Summoning                    3
   d - Summon Guardian Golem          Hexes/Summoning              3
   e - Summon Lightning Spire         Summoning/Air                4
   f - Summon Ice Beast               Ice/Summoning                4
Comestibles
 c - 4 rations


   Skills:
 + Level 0.1 Fighting
 + Level 0.2 Short Blades
 + Level 1.8 Dodging
 + Level 1.0 Stealth
 + Level 0.4 Unarmed Combat
 + Level 1.4 Spellcasting
 + Level 3.2 Summonings


You had one spell level left.
You knew the following spells:

 Your Spells              Type           Power        Failure   Level  Hunger
a - Call Imp              Summ           #.......     12%         2    ###....


Dungeon Overview and Level Annotations

Branches:
Dungeon (2/15)

Altars:
Okawaru

Annotations:
D:2 Robin


Innate Abilities, Weirdness & Mutations

You are too large for most types of armour.
You have claws for hands.
Your metabolism is lightning-fast.
You like to eat raw meat.
Your natural rate of healing is unusually fast.
You are covered in fur. (AC +1)
You have very tough skin. (AC +2)


Message History

You kill the goblin!
You hit the hobgoblin but do no damage.
Your shadow imp hits the hobgoblin.
The dart slug bites your shadow imp but does no damage.
The hobgoblin hits you.
* * * LOW HITPOINT WARNING * * *
The frilled lizard barely misses your shadow imp.
Your magical contamination has completely faded away.
You completely miss the hobgoblin.
The hobgoblin is lightly wounded.
Your shadow imp barely misses the hobgoblin.
The hobgoblin barely misses you.
The dart slug bites your shadow imp but does no damage.
The frilled lizard bites your shadow imp but does no damage.
Robin barely misses you.
Your shadow imp hits the dart slug.
You puncture the hobgoblin!
You kill the hobgoblin!
The hobgoblin hits you with a club.
* * * LOW HITPOINT WARNING * * *
The dart slug misses your shadow imp. Robin hits you from afar with a spear.
You die...

*,,,.........)g.g###.#,*
*,,,........##...).#.#.#
****........####.#g#.#.#****
*........# #.#......,,,*
*........# #.#......,,,*
*........####'#.......,,*
****..........g..........,,*
,,,,.....###.).5.........,,*
,***#####* #..wl@........,,*
,* ##..g........,,,* ,*
#...........,,,* ,***
#...........,,,* ,,,*
############**** **,* **,*
,,,* ****


You could see Robin, a dart slug, a hobgoblin, a frilled lizard and a friendly
shadow imp.

Vanquished Creatures
  A bat (D:1)
  2 giant cockroaches
  8 goblins (D:2)
  A hobgoblin (D:2)
  A ball python (D:2)
  2 frilled lizards
  A kobold (D:2)
16 creatures vanquished.

Vanquished Creatures (collateral kills)
  3 goblins (D:2)
  A quokka (D:2)
4 creatures vanquished.

Grand Total: 20 creatures vanquished

Notes
Turn   | Place    | Note
-------+----------+-------------------------------------------
     0 | D:1      | Iko the Troll Summoner began the quest for the Orb.
     0 | D:1      | Reached XP level 1. HP: 16/16 MP: 1/1
    45 | D:1      | Reached skill level 3 in Summonings
   156 | D:2      | Found an iron altar of Okawaru.
   189 | D:2      | Reached XP level 2. HP: 18/24 MP: 2/2
   200 | D:2      | Learned a level 2 spell: Call Imp
   206 | D:2      | Noticed Robin
   251 | D:2      | HP: 1/24 [hobgoblin/club[Robin] (4)]
   251 | D:2      | Slain by Robin

Skill      XL: |  1 |
---------------+----+-----
Summonings     | 3 |  3.2
Fighting       | |  0.1
Short Blades   | |  0.2
Dodging        | |  1.8
Stealth        | |  1.0
Unarmed Combat | |  0.4
Spellcasting   | |  1.4

Action                   || total
-------------------------++-------
Melee: Unarmed           ||    16
       Rapier            ||    34
 Cast: Summon Small Mamm ||     1
       Call Imp          ||     1
  Use: Scroll            ||     5
Armor: Robe              ||    19
Dodge: Dodged            ||    48
